 Dungeon Crawl Stone Soup version 0.27.1-34-g3ba077fa99 (webtiles) character file.

Game seed: 10495711019161876775

16 zeram the Ducker (level 2, -4/21 HPs)
             Began as an Octopode Fighter on Jan 20, 2022.
             Slain by a black bear (8 damage)
             ... on level 2 of the Dungeon.
             The game lasted 00:00:40 (627 turns).

zeram the Ducker (Octopode Fighter)                  Turns: 627, Time: 00:00:40

Health: -4/21      AC:  1    Str: 15    XL:     2   Next: 58%
Magic:  2/2        EV: 11    Int: 10    God:
Gold:   11         SH:  8    Dex: 11    Spells: 1/1 levels left

rFire    . . .     SeeInvis .   a - +0 war axe
rCold    . . .     Faith    .   b - +0 kite shield
rNeg     . . .     Spirit   .   (helmet restricted)
rPois    .         Reflect  .   (no amulet)
rElec    .         Harm     .   (no ring)
rCorr    .         Rampage  .   (no ring)
Will     .....                  (no ring)
Stlth    ++........             (no ring)
HPRegen  0.07/turn              (no ring)
MPRegen  0.08/turn              (no ring)
                                (no ring)
                                (no ring)

@: no status effects
A: almost no armour, amphibious, 8 rings, camouflage 1, gelatinous body 1,
(nimble swimmer 1), tentacles
a: no special abilities


You were on level 2 of the Dungeon.
You visited 1 branch of the dungeon, and saw 2 of its levels.

You collected 11 gold pieces.

Inventory:

Hand Weapons
 a - a +0 war axe (weapon)
Armour
 b - a +0 kite shield (worn)
Scrolls
 f - a scroll of blinking {unknown}
 g - a scroll of brand weapon {unknown}
 h - a scroll of teleportation {unknown}
 i - a scroll of enchant armour {unknown}
Potions
 c - a potion of might
 d - a potion of heal wounds {unknown}
 e - a potion of lignification {unknown}


   Skills:
 + Level 3.3 Fighting
 + Level 2.1 Axes
 + Level 3.4 Dodging
 + Level 3.0 Shields


You had one spell level left.
You didn't know any spells.
Your spell library contained the following spells:

 Spells                   Type           Power      Damage    Failure   Level
 Conjure Flame            Conj/Fire      0%         6-21      99%         3
 Ignite Poison            Fire/Tmut/Pois 0%         N/A       99%         3
 Sticky Flame             Conj/Fire      0%         2d3       100%        4


Dungeon Overview and Level Annotations

Branches:
Dungeon (2/15)

Altars:


Innate Abilities, Weirdness & Mutations

You cannot wear most types of armour.
You are amphibious.
You can wear up to eight rings at the same time.
Your skin changes colour to match your surroundings (Stealth+).
Your rubbery body absorbs attacks. (AC +1, EV +1)
((You are camouflaged near water. (Stealth+)))
You have tentacles for arms and can constrict up to eight enemies at once.


Message History

Done exploring.
Done exploring.
Done exploring.
No target in view!
(D) Dungeon
Where to? (? - help)
There is a stone staircase leading down here.
You climb downwards.
There is a stone staircase leading up here.
There are monsters nearby!
There are monsters nearby!
There are monsters nearby!
There are monsters nearby!
There are monsters nearby!
The helpless black bear fails to defend itself.
You hit the black bear. You grab the black bear.
The black bear is lightly wounded.
The helpless goblin fails to defend itself.
You slash the goblin!
You kill the goblin!
You constrict the black bear, but do no damage.
The black bear bites you. The black bear claws you.
You block the black bear's attack.
You hit the black bear.
You squeeze the black bear, but do no damage.
The black bear is lightly wounded.
You constrict the black bear, but do no damage.
The black bear barely misses you. You block the black bear's attack.
The black bear claws you. The black bear barely misses you.
The black bear claws you. x2
* * * LOW HITPOINT WARNING * * *
Your shield prevents you from hitting the black bear.
The black bear is lightly wounded.
You constrict the black bear. The black bear closely misses you.
You block the black bear's attack. The black bear barely misses you.
You hit the black bear but do no damage.
The black bear is moderately wounded.
You constrict the black bear, but do no damage.
The black bear bites you!
You die... ########### ......)@h.# .########.# #

You could see a black bear.

Vanquished Creatures
  A ball python (D:1)
  An endoplasm (D:1)
  A giant cockroach (D:1)
  3 goblins
  2 hobgoblins (D:1)
  A bat (D:1)
  3 frilled lizards (D:1)
  2 kobolds (D:1)
  A rat (D:1)
15 creatures vanquished.

Notes
Turn   | Place    | Note
-------+----------+-------------------------------------------
     0 | D:1      | zeram the Octopode Fighter began the quest for the Orb.
     0 | D:1      | Reached XP level 1. HP: 16/16 MP: 1/1
    69 | D:1      | Reached XP level 2. HP: 10/21 MP: 2/2
   364 | D:1      | Found a faded altar of an unknown god.
   364 | D:1      | Noticed a Tzitzimitl
   623 | D:2      | Noticed a black bear
   627 | D:2      | Slain by a black bear

Illustrated notes

Levels and vault maps discovered:
D:1:      lightli_arrival_boilingwater, layout_rooms,
          dreamdust_ecumenical_altar_sealed_demon
D:2:      layout_loops_ring

Action                   || total
-------------------------++-------
Melee: War axe           ||    29
       Constrict         ||     8
       Tentacles         ||     2
 Stab: Sleeping          ||     3
Armor: Skin              ||     2
Dodge: Dodged            ||    15
Block: Kite shield       ||    15
